Map: Pillars of Gold LE

Players

DPGZest (Zest)

  • Race: Protoss Protoss
  • Spawn Location: 7:00

DPGCure (Cure) - Winner!

  • Race: Terran Terran
  • League: Master
  • Spawn Location: 1:00

Event: StayAtHome Story Cup #3

VOD

Have the link to the VOD?

Description

Time

  • Played on: March 14, 2021, 9:57 a.m.
  • Length: 14:21

All games in this series

Show
View Real Time Build Order
Export as new Build Order

DPGZest Protoss 

Build Orders: 1 Gate Expand, Oracle Opening, Phoenix Opening 

Get SALT Encoding   

  12  0:00  Probe  
  13  0:12  Probe  
  14  0:17  Pylon  
  14  0:24  Probe (Chrono Boost)  
  15  0:36  Probe (Chrono Boost)  
  15  0:38  Gateway  
  16  0:44  Probe (Chrono Boost)  
  16  0:47  Assimilator  
  17  0:51  Probe  
  18  1:03  Probe  
  19  1:15  Probe  
  20  1:25  Cybernetics Core  
  20  1:37  Nexus  
  20  1:40  Probe  
  21  1:49  Pylon  
  21  1:52  Probe  
  22  1:58  Assimilator  
  22  2:04  Probe (Chrono Boost), Adept (Chrono Boost)  
  26  2:16  Probe (Chrono Boost)  
  26  2:20  Stargate  
  26  2:22  Probe (Chrono Boost)  
  26  2:29  Adept  
  29  2:34  Probe  
  29  2:35  Warp Gate  
  30  2:46  Probe  
  30  2:49  Probe  
  33  2:58  Probe  
  33  3:00  Oracle (Chrono Boost)  
  33  3:01  Probe  
  33  3:04  Pylon  
  37  3:10  Probe, Adept  
  40  3:13  Probe  
  41  3:22  Probe  
  41  3:24  Gateway  
  41  3:26  Probe  
  43  3:33  Phoenix  
  45  3:34  Probe  
  45  3:38  Probe  
  45  3:40  Assimilator  
  47  3:47  Probe  
  48  3:50  Probe  
  47  3:59  Probe  
  39  4:02  Probe  
  39  4:06  Phoenix (Chrono Boost)  
  38  4:11  Probe  
  38  4:15  Probe  
  38  4:23  Probe  
  38  4:24  Adept x2  
  41  4:27  Probe  
  44  4:32  Phoenix (Chrono Boost)  
  44  4:35  Probe (Chrono Boost)  
  47  4:45  Probe (Chrono Boost)  
  49  4:47  Probe (Chrono Boost)  
  49  4:51  Pylon  
  49  4:52  Probe (Chrono Boost)  
  50  4:59  Probe  
  48  5:08  Probe (Chrono Boost)  
  49  5:14  Probe (Chrono Boost)  
  50  5:23  Probe (Chrono Boost)  
  50  5:25  Probe (Chrono Boost)  
  50  5:27  Twilight Council  
  51  5:29  Forge  
  51  5:30  Probe  
  51  5:31  Phoenix  
  51  5:33  Sentry  
  51  5:34  Sentry  
  51  5:35  Probe  
  59  5:44  Probe, Pylon  
  59  5:47  Pylon  
  59  5:48  Probe  
  61  5:52  Assimilator  
  61  5:56  Probe  
  62  5:59  Charge, Protoss Ground Weapons Level 1 (Chrono Boost)  
  62  6:02  Probe  
  63  6:08  Probe  
  63  6:10  Shield Battery  
  64  6:14  Dark Shrine  
  64  6:18  Probe  
  65  6:26  Probe, Pylon  
  65  6:32  Phoenix  
  68  6:35  Gateway  
  68  6:39  Gateway  
  68  6:41  Gateway  
  68  6:50  Gateway  
  68  6:58  Phoenix  
  68  7:02  Pylon  
  68  7:04  Pylon  
  68  7:16  Probe x2  
  68  7:22  Gateway x2  
  70  7:29  Pylon, Dark Templar x2  
  74  7:35  Dark Templar x2  
  78  7:52  Nexus  
  76  8:08  Protoss Ground Weapons Level 2 (Chrono Boost)  
  74  8:15  Dark Templar  
  74  8:16  Zealot x2, Dark Templar x3  
  86  8:22  Pylon  
  86  8:23  Archon x2  
  86  8:24  Phoenix  
  86  8:40  Pylon  
  86  8:42  Zealot x3  
  92  9:06  Zealot x2, Dark Templar x4  
  92  9:07  Zealot x2  
  108  9:13  Archon x2  
  108  9:20  Probe x3  
  103  9:39  Zealot x4  
  103  9:40  Zealot  
  103  9:43  Sentry x3  
  113  10:07  Zealot x8  
  113  10:14  Probe x3  
  130  10:17  Pylon x2  
  130  10:18  Pylon  
  130  10:21  Protoss Ground Armor Level 1 (Chrono Boost)  
  113  10:41  Zealot x7  
  79  11:02  Dark Templar x5  
  79  11:03  Zealot  
  91  11:05  Sentry x2  
  91  11:06  Archon x2  
  95  11:12  Assimilator  
  95  11:13  Assimilator  
  95  11:34  Dark Templar x2, Sentry  
  95  11:35  Zealot x5  
  111  11:44  Archon  
  101  12:07  Dark Templar  
  101  12:08  Zealot x3, Dark Templar x2  
  83  12:25  Archon  
  83  12:27  Archon  
Show
View Real Time Build Order
Export as new Build Order

DPGCure Terran - Winner!

Build Orders:  

Get SALT Encoding   

  12  0:00  SCV  
  13  0:12  SCV  
  14  0:17  Supply Depot  
  14  0:24  SCV  
  14  0:28  Refinery  
  15  0:38  SCV  
  16  0:45  Barracks  
  16  0:51  SCV  
  17  1:03  SCV  
  18  1:15  SCV  
  19  1:32  Orbital Command, Reaper  
  20  1:48  Factory  
  20  1:55  Supply Depot  
  20  1:58  SCV  
  21  2:04  Marine  
  22  2:10  SCV  
  23  2:18  Command Center  
  23  2:22  SCV, Marine  
  25  2:32  Starport  
  25  2:35  Hellion  
  27  2:38  SCV  
  27  2:42  Refinery  
  28  2:51  SCV  
  30  2:53  Supply Depot  
  30  2:56  Hellion  
  31  3:14  Barracks Reactor  
  31  3:15  SCV, Medivac  
  31  3:18  Hellion  
  36  3:25  Barracks  
  36  3:27  SCV  
  36  3:32  Orbital Command  
  37  3:40  Widow Mine, SCV  
  39  3:50  Marine  
  39  3:51  Marine  
  39  3:52  SCV  
  42  3:58  SCV  
  42  4:02  Orbital Command  
  39  4:04  SCV  
  38  4:13  Widow Mine, Barracks Tech Lab, Marine x2  
  38  4:16  SCV  
  39  4:28  SCV  
  39  4:29  SCV  
  39  4:31  Marine x2  
  42  4:32  Marine, Stimpack  
  42  4:33  Supply Depot  
  42  4:34  Widow Mine  
  46  4:40  SCV  
  46  4:42  SCV  
  48  4:48  Marine  
  48  4:49  Marine  
  48  4:52  SCV  
  48  4:56  Widow Mine  
  48  4:58  SCV  
  48  5:02  Marine  
  48  5:05  SCV  
  48  5:06  Marine x2  
  51  5:10  SCV  
  47  5:17  Widow Mine, SCV  
  47  5:20  Marine  
  49  5:23  SCV  
  49  5:24  Marine x2  
  49  5:25  Medivac  
  52  5:29  SCV  
  52  5:30  Engineering Bay  
  52  5:32  Barracks  
  52  5:35  SCV  
  54  5:41  SCV  
  54  5:42  Widow Mine, Marine x3  
  58  5:45  Supply Depot  
  58  5:48  SCV  
  59  5:53  SCV  
  59  5:54  Supply Depot  
  60  5:57  Terran Infantry Weapons Level 1  
  60  6:00  Starport Reactor  
  60  6:02  Marine x2  
  62  6:06  Marine  
  62  6:08  SCV x2  
  63  6:19  Command Center  
  63  6:23  Barracks Tech Lab, Marine  
  63  6:24  Marine x2  
  66  6:26  SCV x2  
  68  6:40  SCV, Barracks  
  68  6:41  SCV  
  68  6:42  Barracks  
  68  6:43  Medivac x2  
  74  6:48  Marine x4  
  78  6:57  Supply Depot  
  78  6:58  Supply Depot  
  78  7:07  Refinery  
  78  7:08  Refinery  
  78  7:18  SCV x2, Marine x4  
  78  7:20  Medivac  
  78  7:21  Medivac  
  88  7:22  Supply Depot  
  88  7:23  Supply Depot  
  88  7:25  Missile Turret  
  88  7:29  Factory Reactor  
  88  7:30  Missile Turret  
  88  7:32  Orbital Command  
  88  7:34  SCV x2  
  88  7:36  Barracks Tech Lab  
  90  7:37  Barracks Reactor  
  90  7:38  Marauder  
  90  7:40  Marauder  
  90  7:43  Missile Turret  
  94  7:44  Marine  
  94  7:45  Marine  
  94  7:49  SCV x2  
  98  7:51  Medivac  
  98  7:55  Combat Shield  
  98  7:56  Concussive Shells  
  98  8:04  SCV x2  
  98  8:05  SCV  
  95  8:13  Marauder x3  
  95  8:16  Missile Turret  
  101  8:25  Medivac  
  107  8:28  Orbital Command  
  105  8:34  SCV x2, Supply Depot  
  105  8:41  Marauder x3  
  109  8:47  Missile Turret, Medivac  
  111  8:51  SCV x2  
  111  8:55  Factory  
  111  8:57  Missile Turret  
  111  9:02  Marauder, Marine  
  113  9:03  SCV  
  113  9:06  Marauder  
  116  9:11  SCV x2  
  118  9:18  Marine x3  
  118  9:19  Marauder  
  125  9:34  Marine x2  
  125  9:35  Marauder  
  125  9:36  Marine  
  117  9:40  Marauder, Factory Reactor  
  117  9:42  Supply Depot  
  117  9:44  Liberator x2  
  121  9:47  Ghost Academy  
  121  9:51  Marine  
  123  9:53  Marauder  
  123  9:56  Marauder  
  123  9:58  Marine  
  123  9:59  Missile Turret  
  126  10:01  Marauder  
  126  10:06  Marine x2  
  127  10:09  Marine  
  127  10:13  Supply Depot  
  129  10:14  Marauder  
  129  10:18  Marauder  
  129  10:19  Terran Infantry Armor Level 1, Enhanced Shockwaves  
  131  10:22  Ghost  
  131  10:31  Orbital Command  
  131  10:32  Marine x2  
  131  10:33  Marine  
  131  10:35  Ghost  
  109  10:38  Ghost  
  109  10:41  SCV x2  
  102  10:46  Marine  
  98  10:51  Ghost  
  98  10:53  SCV  
  98  10:54  SCV  
  98  10:56  SCV  
  99  11:01  Marine  
  99  11:03  Ghost  
  102  11:05  SCV  
  102  11:07  Ghost  
  102  11:09  Marine  
  106  11:19  Ghost  
  106  11:20  SCV x3  
  106  11:21  Marine x2  
  106  11:23  Marine  
  114  11:28  Widow Mine x2, Marine  
  114  11:32  Marine  
  120  11:35  Marine  
  121  11:40  Medivac  
  121  11:42  Medivac  
  121  11:43  Marine  
  126  11:47  Marine x2  
  126  11:48  Marauder  
  126  11:50  Widow Mine x2  
  126  11:53  Marine x2  
  126  11:54  Marauder  
  126  12:11  Widow Mine, Marine x4  
  126  12:12  Marauder x2  
  126  12:14  Marine  
  121  12:22  Widow Mine  
  106  12:29  Marine  
  90  12:30  Marine  
  90  12:33  Marauder  
  79  12:45  Orbital Command  
  76  12:52  Orbital Command  
  56  13:40  SCV  
  57  13:41  SCV  
  58  13:54  Barracks Tech Lab x2  
  58  13:56  SCV x2  
  60  14:04  Barracks Reactor  
  60  14:05  Barracks Tech Lab  
  60  14:08  Barracks Tech Lab  
Tags
 
Add a new tag
Caveats
  • Supply blocks, unpowered buildings, or Contaminate may cause inaccurate times.
  • Supply counts are checked every 10 seconds.